 Dungeon Crawl Stone Soup version 0.30-a0-743-gbfdf073431 (webtiles) character file.

Game seed: 13360962695372523497

65 cforsyth the Caller (level 4, 0/24 HPs)
             Began as a Tengu Summoner on Feb 6, 2023.
             Succumbed to a goblin's poison
             ... on level 2 of the Dungeon.
             The game lasted 00:05:52 (3200 turns).

cforsyth the Caller (Tengu Summoner)                Turns: 3200, Time: 00:05:53

Health: 0/24       AC:  2    Str:  9    XL:     4   Next: 13%
Magic:  2/9        EV: 12    Int: 17    God:
Gold:   151        SH:  0    Dex: 14    Spells: 0/9 levels left

rFire   . . .      SeeInvis .    (no weapon)
rCold   . . .      Faith    .    (no shield)
rNeg    . . .      Spirit   .    a - +0 robe
rPois   +          Reflect  .    (helmet restricted)
rElec   .          Harm     .    (no cloak)
rCorr   .          Rampage  .    (no gloves)
Will    .....                    (boots unavailable)
Stlth   +                        (no amulet)
HPRegen 0.24/turn                g - ring of poison resistance
MPRegen 0.11/turn                (no ring)

@: confused, lethally poisoned (0 -> -19)
A: beak, talons 3
a: no special abilities


You were on level 2 of the Dungeon.
You visited 1 branch of the dungeon, and saw 3 of its levels.

You collected 151 gold pieces.

Inventory:

Armour
 a - a +0 robe (worn)
Jewellery
 g - a ring of poison resistance (left hand)
 n - an amulet of magic regeneration
Scrolls
 c - a scroll of poison {unknown}
 e - a scroll of blinking {unknown}
 f - a scroll of identify {unknown}
 i - 2 scrolls of enchant armour {unknown}
 j - a scroll of silence {unknown}
 k - a scroll of brand weapon {unknown}
 p - a scroll of magic mapping {unknown}
Potions
 b - a potion of magic
 d - a potion of flight {unknown}
 h - 2 potions of invisibility {unknown}
 l - a potion of curing {unknown}
 m - a potion of degeneration {unknown}
 o - 2 potions of attraction {unknown}


   Skills:
 - Level 2.1 Dodging
 - Level 2.0 Stealth
 + Level 3.1 Spellcasting
 + Level 5.8 Summonings


You couldn't memorise any spells.
You knew the following spells:

 Your Spells              Type           Power      Damage    Failure   Level
a - Summon Small Mammal   Summ           88%        N/A       1%          1
b - Call Imp              Summ           22%        N/A       2%          2
c - Call Canine Familiar  Summ           22%        N/A       4%          3
d - Summon Guardian Gole  Hex/Summ       12%        N/A       16%         3

Your spell library contained the following spells:

 Spells                   Type           Power      Damage    Failure   Level
 Apportation              Tloc           4%         N/A       17%         1
 Summon Lightning Spire   Summ/Air       12%        N/A       45%         4
 Alistair's Intoxication  Tmut/Pois      1%         N/A       99%         5


Dungeon Overview and Level Annotations

Branches:
Dungeon (3/15)

Altars:

Annotations:
D:3 Robin


Innate Abilities, Weirdness & Mutations

You have a beak for a mouth.
You have claws for feet.


Message History

The goblin throws a stone.
The stone hits you.
Your hound barely misses the goblin.
The goblin shoots a sling bullet.
The sling bullet barely misses you.
Unknown command.
Your hound bites the goblin.
The goblin dies!
The orc wizard casts a spell at you. The magic dart hits you!
Casting: Call Canine Familiar (quite dangerous; 4% risk of failure)
Confirm with . or Enter, or press ? or * to list all spells.
You don't know that spell.
Casting: Call Canine Familiar (quite dangerous; 4% risk of failure)
Confirm with . or Enter, or press ? or * to list all spells.
A beastly little devil appears in a puff of flame.
Robin roars a battlecry!
The goblins go into a battle-frenzy!
Unknown command.
Casting: Call Imp (safe; 2% risk of failure)
Confirm with . or Enter, or press ? or * to list all spells.
Your hound bites the goblin.
The goblin hits your hound with a +2 dagger of venom.
Your hound closely misses the orc wizard.
Your crimson imp hits the orc wizard.
Casting: Summon Small Mammal (safe; 1% risk of failure)
Confirm with . or Enter, or press ? or * to list all spells.
The orc wizard hits you with a +0 dagger.
Your hound misses the goblin.
The goblin hits you with a +2 dagger of venom.
You are lethally poisoned!
Your crimson imp blinks!
You feel very sick.
Your hound barely misses the goblin.
Robin misses you.
The goblin hits you with a +2 dagger of venom.
* * * LOW HITPOINT WARNING * * *
You are more poisoned.
The orc wizard points at you and mumbles some strange words.
You are confused.
Your quokka bites the orc wizard.
Your hound misses the goblin.
You climb upwards.
Your summoned allies are left behind.
You die...

###......# #.....# ##)#####.#
#......## #.....# #..# #.#
#.......#####.....###.## #.#
#.....#...............# #.#
#.....####...........## #.#
#.....# #...........# #.# #.....#
#.....)....## #<#
#.....####..........# #.#
##..........)@o.....########.#
#..........)g##...#..........
#............##...#..........
#............##...#..........
#####............##...#..........
.................##...#..........
..†..............######..........
.....................##..........
......#######........##..........


You could see an orc wizard and a goblin (strong).

Vanquished Creatures
  A dart slug (D:1)
1 creature vanquished.

Vanquished Creatures (collateral kills)
  An adder (D:2)
  A worm (D:2)
  3 orcs
  5 ball pythons
  3 endoplasms (D:1)
  2 giant cockroaches (D:2)
  9 goblins
  4 hobgoblins
  4 bats (D:2)
  2 frilled lizards
  6 kobolds
  4 rats
44 creatures vanquished.

Grand Total: 45 creatures vanquished

Notes
Turn   | Place    | Note
-------+----------+-------------------------------------------
     0 | D:1      | cforsyth the Tengu Summoner began the quest for the Orb.
     0 | D:1      | Reached XP level 1. HP: 10/10 MP: 4/4
    79 | D:1      | Reached skill level 5 in Summonings
   136 | D:1      | Reached XP level 2. HP: 11/15 MP: 3/6
   182 | D:1      | Learned a level 2 spell: Call Imp
  1125 | D:2      | Reached XP level 3. HP: 9/19 MP: 2/7
  1137 | D:2      | Learned a level 3 spell: Call Canine Familiar
  2222 | D:3      | Noticed Robin
  2629 | D:3      | Reached XP level 4. HP: 24/24 MP: 5/9
  2633 | D:3      | Learned a level 3 spell: Summon Guardian Golem
  3200 | D:2      | Succumbed to a goblin's poison

Illustrated notes

Levels and vault maps discovered:
D:1:      evilmike_arrival_crescent, layout_loops_ring,
          minmay_misc_feat_enclosed, kennysheep_crisscross
D:2:      layout_basic
D:3:      layout_rooms, uniq_robin, uniq_grinder

Skill      XL: |  1  2  3 |
---------------+----------+-----
Summonings     | 5 |  5.8
Spellcasting   | 3 |  3.1
Dodging        | |  2.1
Stealth        | |  2.0

Action                     |  1- 3 |  4- 6 || total
---------------------------+-------+-------++-------
  Melee: Unarmed           |    18 |       ||    18
         Peck              |     4 |       ||     4
         Kick              |     5 |       ||     5
         Punch             |     1 |       ||     1
   Cast: Summon Small Mamm |    48 |     8 ||    56
         Call Imp          |    14 |     4 ||    18
         Call Canine Famil |     8 |     3 ||    11
 Armour: Robe              |    12 |     3 ||    15
  Dodge: Dodged            |    39 |    14 ||    53

Table legend: (Time is in decaauts)
 A = Elapsed time spent in this place.
 B = Non-inter-level travel time spent in this place.
 C = Inter-level travel time spent in this place.
 D = Time resting spent in this place.
 E = Time spent auto-exploring this place.
 F = Levels seen in this place.
 G = Mean time per level.
                   A        B        C        D        E       F      G
               +--------+--------+--------+--------+--------+-----+--------+
         Total |   3207 |   3166 |     41 |    846 |   1724 |   3 | 1069.0 |
       Dungeon |   3207 |   3166 |     41 |    846 |   1724 |   3 | 1069.0 |
               +--------+--------+--------+--------+--------+-----+--------+

Top non-repeatable levels by time:
     D:2: 2099 daAuts
     D:1: 877 daAuts
     D:3: 230 daAuts
